APL (24 & UNDER)
DETROIT DIRTY SNOW @ KENOSHA KINGFISH
08/19/2026
 
TOP OF THE 1ST
Detroit Dirty Snow batting - Pitching for Kenosha Kingfish : RHP Anastasio Cervantes
Pitching: RHP Anastasio Cervantes
Batting: SHB Bob Noble 0-0: Fly out, F8 (Flyball, 8LM)
Batting: RHB Cristo Souza 0-0: Called Strike
0-1: Swinging Strike
0-2: Foul Ball, location: 2F
0-2: Ball
1-2: Strikes out swinging
Batting: LHB Eric Powell 0-0: Ball
1-0: Ball
2-0: Ball
3-0: Called Strike
3-1: Swinging Strike
3-2: Foul Ball, location: 2F
3-2: Ground out U3 (Groundball, 3L)
Top of the 1st over - 0 run(s), 0 hit(s), 0 error(s), 0 left on base; Detroit 0 - Kenosha 0
BOTTOM OF THE 1ST
Kenosha Kingfish batting - Pitching for Detroit Dirty Snow : RHP Frank Davis
Pitching: RHP Frank Davis
Batting: RHB Manuel Gómez 0-0: Ball
1-0: Called Strike
1-1: Foul Ball, location: 2F
1-2: Ball
2-2: Ball
3-2: Ground out 6-3 (Groundball, 56)
Batting: SHB Devin Smith 0-0: Ball
1-0: Foul Ball, location: 2F
1-1: Swinging Strike
1-2: Foul Ball, location: 2F
1-2: Foul Ball, location: 2F
1-2: Strikes out looking
Batting: RHB Francisco Martínez 0-0: Foul Ball, location: 2F
0-1: Fly out, F4 (Popup, 4M)
Bottom of the 1st over - 0 run(s), 0 hit(s), 0 error(s), 0 left on base; Detroit 0 - Kenosha 0
TOP OF THE 2ND
Detroit Dirty Snow batting - Pitching for Kenosha Kingfish : RHP Anastasio Cervantes
Batting: SHB Tim Reid 0-0: Called Strike
0-1: Ball
1-1: Foul Ball, location: 2F
1-2: Ball
2-2: DOUBLE (Flyball, 89D)
Batting: RHB Héctor Berrios 0-0: Foul Ball, location: 2F
0-1: Called Strike
0-2: Ball
1-2: Foul Ball, location: 2F
1-2: Ball
2-2: Ball
3-2: Base on Balls
Batting: RHB Manny Perea 0-0: Called Strike
0-1: Ball
1-1: Ball
2-1: Ball
3-1: Base on Balls
Tim Reid to third
Héctor Berrios to second
Batting: RHB Charlie O'Farrell 0-0: Swinging Strike
0-1: Ball
1-1: Called Strike
1-2: Ball
2-2: Grounds into double play, 6-4-3 (Groundball, 6)
Tim Reid scores
Héctor Berrios to third
Batting: RHB Phil Wright 0-0: Called Strike
0-1: Ball
1-1: Foul Ball, location: 2F
1-2: DOUBLE (Flyball, 89M)
Héctor Berrios scores
Batting: RHB Arturo Jiménez 0-0: Ball
1-0: Swinging Strike
1-1: Swinging Strike
1-2: Strikes out swinging
Top of the 2nd over - 2 run(s), 2 hit(s), 0 error(s), 1 left on base; Detroit 2 - Kenosha 0
BOTTOM OF THE 2ND
Kenosha Kingfish batting - Pitching for Detroit Dirty Snow : RHP Frank Davis
Batting: LHB Richard Brooks 0-0: Ball
1-0: Ball
2-0: Foul Ball, location: 2F
2-1: Ground out 4-3 (Groundball, 4)
Batting: RHB Matt Rodríguez 0-0: Swinging Strike
0-1: Ball
1-1: SINGLE (Groundball, 56)
Batting: SHB Júlio Valentín 0-0: Called Strike
0-1: Foul Ball, location: 2F
0-2: Foul Ball, location: 2F
0-2: Fly out, F7 (Line Drive, 7LM)
Batting: RHB José Vargas 0-0: Called Strike
0-1: Ball
1-1: Ground out U3 (Groundball, 3S)
Bottom of the 2nd over - 0 run(s), 1 hit(s), 0 error(s), 1 left on base; Detroit 2 - Kenosha 0
TOP OF THE 3RD
Detroit Dirty Snow batting - Pitching for Kenosha Kingfish : RHP Anastasio Cervantes
Batting: SHB Bob Noble 0-0: Fly out, F8 (Flyball, 8LM)
Batting: RHB Cristo Souza 0-0: Called Strike
0-1: Ball
1-1: Called Strike
1-2: Ball
2-2: SINGLE (Groundball, 6D)
Batting: LHB Eric Powell 0-0: Foul Ball, location: 2F
0-1: Ball
1-1: Foul Ball, location: 2F
1-2: Ball
2-2: Foul Ball, location: 2F
2-2: Ball
3-2: Grounds into double play, 4-6-3 (Groundball, 4)
Top of the 3rd over - 0 run(s), 1 hit(s), 0 error(s), 0 left on base; Detroit 2 - Kenosha 0
BOTTOM OF THE 3RD
Kenosha Kingfish batting - Pitching for Detroit Dirty Snow : RHP Frank Davis
Batting: RHB Sergio Mata 0-0: Called Strike
0-1: Ball
1-1: Ball
2-1: Foul Ball, location: 2F
2-2: Foul Ball, location: 2F
2-2: Ball
3-2: Base on Balls
Batting: LHB Miguel Flores 0-0: Called Strike
0-1: Ball
1-1: Foul Ball, location: 2F
1-2: TRIPLE (Line Drive, 8RM)
Sergio Mata scores
Batting: RHB Manuel Gómez 0-0: Foul Ball, location: 2F
0-1: Ball
1-1: Fly out, F7 (Flyball, 78D)
Runner from 3rd tags up, SCORES, no throw
Batting: SHB Devin Smith 0-0: Called Strike
0-1: Ball
1-1: Ball
2-1: Ball
3-1: Swinging Strike
3-2: DOUBLE (Line Drive, 78D)
Batting: RHB Francisco Martínez 0-0: Ground out 6-3 (Groundball, 6)
Batting: LHB Richard Brooks 0-0: Ball
1-0: Swinging Strike
1-1: Ball
2-1: Foul Ball, location: 2F
2-2: 2-RUN HOME RUN (Flyball, 9D) (Inside the Park)
Batting: RHB Matt Rodríguez 0-0: Called Strike
0-1: Ball
1-1: Ball
2-1: Swinging Strike
2-2: Fly out, F8 (Flyball, 8RM)
Bottom of the 3rd over - 4 run(s), 3 hit(s), 0 error(s), 0 left on base; Detroit 2 - Kenosha 4
TOP OF THE 4TH
Detroit Dirty Snow batting - Pitching for Kenosha Kingfish : RHP Anastasio Cervantes
Batting: SHB Tim Reid 0-0: Called Strike
0-1: Swinging Strike
0-2: Ball
1-2: Ball
2-2: Strikes out looking
Batting: RHB Héctor Berrios 0-0: Ball
1-0: Ball
2-0: Ball
3-0: Called Strike
3-1: Base on Balls
Batting: RHB Manny Perea 0-0: Ball
1-0: SINGLE (Groundball, 5L)
Héctor Berrios to second
Batting: RHB Charlie O'Farrell 0-0: Ball
1-0: Called Strike
1-1: Foul Ball, location: 2F
1-2: Foul Ball, location: 2F
1-2: Ball
2-2: Foul Ball, location: 2F
2-2: Ball
3-2: Foul Ball, location: 2F
3-2: Base on Balls
Héctor Berrios to third
Manny Perea to second
Batting: RHB Phil Wright 0-0: Foul Ball, location: 2F
0-1: Swinging Strike
0-2: Ball
1-2: Fly out, F3 (Popup, 3SF)
Batting: RHB Arturo Jiménez 0-0: Ball
1-0: Ground out 6-3 (Groundball, 6)
Top of the 4th over - 0 run(s), 1 hit(s), 0 error(s), 3 left on base; Detroit 2 - Kenosha 4
BOTTOM OF THE 4TH
Kenosha Kingfish batting - Pitching for Detroit Dirty Snow : RHP Frank Davis
Batting: SHB Júlio Valentín 0-0: Foul Ball, location: 2F
0-1: Ball
1-1: Foul Ball, location: 2F
1-2: Ball
2-2: Ball
3-2: SINGLE (Line Drive, 8RS)
Batting: RHB José Vargas 0-0: Swinging Strike
0-1: Ball
1-1: Foul Ball, location: 2F
1-2: Ball
2-2: Ball
3-2: Strikes out swinging
Batting: RHB Sergio Mata 0-0: Called Strike
0-1: Ball
Júlio Valentín is caught stealing 2nd base
1-1: Ball
2-1: Foul Ball, location: 2F
2-2: Foul Ball, location: 2F
2-2: SINGLE (Groundball, 4M) (infield hit)
Batting: LHB Miguel Flores 0-0: Ball
Sergio Mata is caught stealing 2nd base
Bottom of the 4th over - 0 run(s), 2 hit(s), 0 error(s), 0 left on base; Detroit 2 - Kenosha 4
TOP OF THE 5TH
Detroit Dirty Snow batting - Pitching for Kenosha Kingfish : RHP Anastasio Cervantes
Batting: SHB Bob Noble 0-0: Ball
1-0: Ground out U3 (Groundball, 3)
Pitching: RHP Paul Pothecary
Batting: RHB Cristo Souza 0-0: Ball
1-0: Foul Ball, location: 2F
1-1: Foul Ball, location: 2F
1-2: Foul Ball, location: 2F
1-2: Ball
2-2: Foul Ball, location: 2F
2-2: Strikes out swinging
Batting: LHB Eric Powell 0-0: Ball
1-0: Swinging Strike
1-1: Foul Ball, location: 2F
1-2: Strikes out swinging
Top of the 5th over - 0 run(s), 0 hit(s), 0 error(s), 0 left on base; Detroit 2 - Kenosha 4
BOTTOM OF THE 5TH
Kenosha Kingfish batting - Pitching for Detroit Dirty Snow : RHP Frank Davis
Batting: LHB Miguel Flores 0-0: Ball
1-0: Called Strike
1-1: Called Strike
1-2: Ball
2-2: Ball
3-2: Strikes out swinging
Batting: RHB Manuel Gómez 0-0: Ball
1-0: Ball
2-0: Ball
3-0: Base on Balls
Pitching: RHP Benjamin Hutchison
Batting: SHB Devin Smith 0-0: Ball
1-0: Called Strike
1-1: Foul Ball, location: 2F
1-2: Fly out, F7 (Flyball, 7LSF)
Batting: RHB Francisco Martínez 0-0: Ball
1-0: Called Strike
1-1: Foul Ball, location: 2F
1-2: Ground out 5-3 (Groundball, 56S)
Bottom of the 5th over - 0 run(s), 0 hit(s), 0 error(s), 1 left on base; Detroit 2 - Kenosha 4
TOP OF THE 6TH
Detroit Dirty Snow batting - Pitching for Kenosha Kingfish : RHP Paul Pothecary
Batting: SHB Tim Reid 0-0: Called Strike
0-1: Ball
1-1: Foul Ball, location: 2F
1-2: Ball
2-2: Ball
3-2: Ground out 4-3 (Groundball, 4)
Batting: RHB Héctor Berrios 0-0: Foul Ball, location: 2F
0-1: Ball
1-1: Foul Ball, location: 2F
1-2: Strikes out swinging
Batting: RHB Manny Perea 0-0: Called Strike
0-1: Ball
1-1: Ball
2-1: Ball
3-1: SINGLE (Groundball, 6D)
Batting: RHB Charlie O'Farrell 0-0: Foul Ball, location: 2F
0-1: Ground out 5-3 (Groundball, 5)
Top of the 6th over - 0 run(s), 1 hit(s), 0 error(s), 1 left on base; Detroit 2 - Kenosha 4
BOTTOM OF THE 6TH
Kenosha Kingfish batting - Pitching for Detroit Dirty Snow : RHP Benjamin Hutchison
Batting: LHB Richard Brooks 0-0: Ball
1-0: Foul Ball, location: 2F
1-1: Swinging Strike
1-2: Foul Ball, location: 2F
1-2: Ground out 5-3 (Groundball, 5)
Batting: RHB Matt Rodríguez 0-0: Called Strike
0-1: Foul Ball, location: 2F
0-2: Ball
1-2: Ball
2-2: SINGLE (Line Drive, 89S)
Batting: SHB Júlio Valentín 0-0: Ball
1-0: Called Strike
1-1: Ball
2-1: Fly out, F7 (Flyball, 7LM)
Batting: RHB José Vargas 0-0: Foul Ball, location: 2F
0-1: Ball
1-1: Fielders Choice at 2nd, U4 (Groundball, 4M)
Bottom of the 6th over - 0 run(s), 1 hit(s), 0 error(s), 1 left on base; Detroit 2 - Kenosha 4
TOP OF THE 7TH
Detroit Dirty Snow batting - Pitching for Kenosha Kingfish : RHP Paul Pothecary
Batting: RHB Phil Wright 0-0: Ground out 1-3 (Groundball, 23)
Pitching: RHP Júlio Vargas
Batting: RHB Arturo Jiménez 0-0: Called Strike
0-1: Ball
1-1: Called Strike
1-2: Ball
2-2: Foul Ball, location: 2F
2-2: Foul Ball, location: 2F
2-2: Ball
3-2: Base on Balls
Batting: SHB Bob Noble 0-0: Ball
1-0: Ball
2-0: Foul Ball, location: 2F
2-1: SINGLE (Line Drive, 4MD)
Arturo Jiménez to second
Batting: RHB Cristo Souza 0-0: Ball
1-0: Swinging Strike
1-1: Ball
2-1: Ball
3-1: Base on Balls
Arturo Jiménez to third
Bob Noble to second
Batting: LHB Eric Powell 0-0: Ball
1-0: Swinging Strike
1-1: Foul Ball, location: 2F
1-2: Ball
2-2: Ground out 3-1 (Groundball, 34)
Arturo Jiménez scores
Bob Noble to third
Cristo Souza to second
Batting: SHB Tim Reid 0-0: Foul Ball, location: 2F
0-1: Ball
1-1: SINGLE (Flyball, 8LM)
Bob Noble scores
Cristo Souza to third
Runner from 3rd tries for Home, SAFE, throw made home
Tim Reid to second
Pitching: RHP Jorge Chávez
Batting: RHB Héctor Berrios 0-0: Swinging Strike
0-1: Ball
1-1: Ball
2-1: Called Strike
2-2: Foul Ball, location: 2F
2-2: Strikes out swinging
Top of the 7th over - 3 run(s), 2 hit(s), 0 error(s), 1 left on base; Detroit 5 - Kenosha 4
BOTTOM OF THE 7TH
Kenosha Kingfish batting - Pitching for Detroit Dirty Snow : RHP Benjamin Hutchison
Batting: RHB Sergio Mata 0-0: Foul Ball, location: 2F
0-1: Foul Ball, location: 2F
0-2: Strikes out swinging
Pitching: RHP Leonard Christensen
Batting: LHB Miguel Flores 0-0: Called Strike
0-1: Swinging Strike
0-2: Strikes out swinging
Batting: RHB Manuel Gómez 0-0: Called Strike
0-1: Ball
1-1: Swinging Strike
1-2: Foul Ball, location: 2F
1-2: Fly out, F7 (Flyball, 7M)
Bottom of the 7th over - 0 run(s), 0 hit(s), 0 error(s), 0 left on base; Detroit 5 - Kenosha 4
TOP OF THE 8TH
Detroit Dirty Snow batting - Pitching for Kenosha Kingfish : RHP Jorge Chávez
Batting: RHB Manny Perea 0-0: Ball
1-0: Called Strike
1-1: Ball
2-1: Foul Ball, location: 2F
2-2: Strikes out swinging
Batting: RHB Charlie O'Farrell 0-0: Called Strike
0-1: Swinging Strike
0-2: Ball
1-2: Ball
2-2: Ball
3-2: Foul Ball, location: 2F
3-2: Foul Ball, location: 2F
3-2: SOLO HOME RUN (Flyball, 7D), Distance : 384 ft
Batting: RHB Phil Wright 0-0: Ball
1-0: Called Strike
1-1: Called Strike
1-2: Foul Ball, location: 2F
1-2: Ball
2-2: Ball
3-2: Strikes out swinging
Batting: RHB Arturo Jiménez 0-0: Called Strike
0-1: Ball
1-1: Ball
2-1: Swinging Strike
2-2: Strikes out swinging
Top of the 8th over - 1 run(s), 1 hit(s), 0 error(s), 0 left on base; Detroit 6 - Kenosha 4
BOTTOM OF THE 8TH
Kenosha Kingfish batting - Pitching for Detroit Dirty Snow : RHP Leonard Christensen
Batting: SHB Devin Smith 0-0: Called Strike
0-1: Fly out, F8 (Line Drive, 8RM)
Batting: RHB Francisco Martínez 0-0: Foul Ball, location: 2F
0-1: SINGLE (Groundball, 56D)
Pitching: RHP Vaughn Stanley
Batting: LHB Richard Brooks 0-0: Ball
1-0: Foul Ball, location: 2F
1-1: Ball
Wild Pitch!
Francisco Martínez to second
2-1: Ball
3-1: Called Strike
3-2: Foul Ball, location: 2F
3-2: Foul Ball, location: 2F
3-2: Strikes out swinging
Batting: RHB Matt Rodríguez 0-0: Foul Ball, location: 2F
0-1: Swinging Strike
0-2: Strikes out swinging
Bottom of the 8th over - 0 run(s), 1 hit(s), 0 error(s), 1 left on base; Detroit 6 - Kenosha 4
TOP OF THE 9TH
Detroit Dirty Snow batting - Pitching for Kenosha Kingfish : RHP Jorge Chávez
Pitching: RHP Edwin Manning
Batting: SHB Bob Noble 0-0: Called Strike
0-1: Ball
1-1: Ball
2-1: Foul Ball, location: 2F
2-2: Ground out 4-3 (Groundball, 4)
Batting: RHB Cristo Souza 0-0: Ball
1-0: Called Strike
1-1: SINGLE (Flyball, 9S)
Batting: LHB Eric Powell 0-0: Ball
1-0: Called Strike
1-1: Fielders Choice at 2nd, 4-6 (Groundball, 4)
Batting: SHB Tim Reid 0-0: Called Strike
Eric Powell steals 2nd base
0-1: Ball
1-1: Foul Ball, location: 2F
1-2: Ball
2-2: Foul Ball, location: 2F
2-2: Ball
3-2: Base on Balls
Batting: RHB Héctor Berrios 0-0: Ball
1-0: Called Strike
1-1: Ball
2-1: Ball
3-1: Base on Balls
Eric Powell to third
Tim Reid to second
Batting: RHB Manny Perea 0-0: Ball
1-0: Foul Ball, location: 2F
1-1: Called Strike
1-2: Fly out, F7 (Line Drive, 7M)
Top of the 9th over - 0 run(s), 1 hit(s), 0 error(s), 3 left on base; Detroit 6 - Kenosha 4
BOTTOM OF THE 9TH
Kenosha Kingfish batting - Pitching for Detroit Dirty Snow : RHP Vaughn Stanley
Pitching: RHP Carl Thomas
Batting: SHB Júlio Valentín 0-0: Ball
1-0: Called Strike
1-1: Ball
2-1: Ball
3-1: Base on Balls
Batting: RHB José Vargas 0-0: Ball
1-0: Called Strike
1-1: Grounds into double play, U4-3 (Groundball, 4)
Batting: RHB Sergio Mata 0-0: Called Strike
0-1: Called Strike
0-2: Fly out, F8 (Flyball, 8RS)
Bottom of the 9th over - 0 run(s), 0 hit(s), 0 error(s), 0 left on base; Detroit 6 - Kenosha 4
Monday, December 5th, 2016 - OOTP Baseball 17.12 Build 75